AoeStats
← 一剑扫秋风nelson

African Clearing

504437492Analyzed
4v4 RM · 28d ago on Sep 5, 2026· 37m 0s· 8 players
Game mode
Random Map
Map size
Large (8 player)
Population
200
Speed
Normal
Resources
Standard
Victory
Conquest
Starting age
Dark Age
Ending age
Imperial Age
RankedLock teamsTeams togetherTeam positionsShared explorationLock speedFull tech treeHidden civsTurbo modeCheats
Victory
Defeat
1907
+8
🇳🇱 Chinese · Netherlands
1846
+10
🇮🇹 Khmer · Italy
1838
+10
🇳🇱 Sicilians · Netherlands
1791
+12
🇨🇳 Shu · China
1857
-15
1731
-11
🇹🇼 Hindustanis · Taiwan
1628
-7
🇹🇼 Persians · Taiwan
1608
-7
一剑扫秋风nelson
6:13 Loom
13:53 Feudal Age
14:03 Man-at-Arms
14:29 Double-Bit Axe
19:20 Fletching
31:03 Castle Age
经典不变的回忆 | memory
14:50 Feudal Age
13:07 Loom
14:55 Feudal Age
18:59 Castle Age
17:22 Double-Bit Axe
17:47 Horse Collar
20:37 Bow Saw
25:47 Husbandry
26:47 Scale Barding Armor
27:55 Forging
29:07 Stone Mining
29:22 Town Watch
31:16 Wheelbarrow
32:47 Chain Barding Armor
36:29 Gold Mining
37:43 Iron Casting
P0rr1dg3
12:02 Feudal Age
11:50 Loom
12:22 Double-Bit Axe
18:00 Castle Age
16:49 Gold Mining
16:40 Horse Collar
17:28 Scale Barding Armor
18:12 Bloodlines
22:19 Town Watch
24:15 Husbandry
26:15 Bow Saw
33:14 Chain Barding Armor
35:48 Forging
TW_Kenneth
3:16 Loom
4:09 Loom
12:24 Feudal Age
13:48 Town Watch
17:48 Castle Age
16:44 Double-Bit Axe
24:04 Horse Collar
33:39 Husbandry
33:54 Bloodlines
Lauth3
3:17 Loom
12:51 Feudal Age
14:46 Double-Bit Axe
17:27 Castle Age
15:23 Horse Collar
16:30 Forging
17:02 Scale Barding Armor
20:51 Pikeman
22:04 Scale Mail Armor
24:54 Squires
27:41 Wheelbarrow
30:35 Stone Mining
36:24 Imperial Age
36:00 Fletching
36:11 Padded Archer Armor
37:03 Ballistics
36:54 Masonry
36:33 Halberdier
37:18 Gold Mining
Gordito
13:06 Loom
14:55 Feudal Age
20:12 Castle Age
18:07 Double-Bit Axe
19:18 Horse Collar
20:20 Scale Mail Armor
33:13 Fletching
34:48 Town Watch
36:08 Wheelbarrow
ITA | Padre Massimo dall'Aquila
8:07 Loom
11:48 Feudal Age
12:30 Double-Bit Axe
14:02 Forging
17:25 Domestication
22:04 Scale Barding Armor
25:57 Castle Age
24:22 Domestication
24:33 Gold Mining
26:38 Wheelbarrow
26:16 Light Cavalry
26:57 Husbandry
27:40 Iron Casting
27:22 Bow Saw
Carnage
6:49 Loom
15:35 Feudal Age
20:42 Double-Bit Axe
24:18 Wheelbarrow
25:02 Town Watch
28:01 Castle Age
26:44 Fletching
27:37 Padded Archer Armor
27:19 Horse Collar
27:30 Gold Mining
28:04 Crossbowman
28:39 Bodkin Arrow
39:39 Imperial Age
37:35 Scale Barding Armor
Connection lost

Rejoining the realm…

Still unreachable

The connection could not be restored.

Session expired

The server has moved on; the page needs a fresh start.